 Dungeon Crawl Stone Soup version 0.17.0-57-g0e89251 (webtiles) character file.

5219 Miyamura the Magician (level 10, -12/101 HPs)
             Began as a Naga Enchanter on Dec 7, 2015.
             Was a Believer of Kikubaaqudgha.
             Mangled by JokEr's ghost (24 damage)
             ... on level 10 of the Dungeon.
             The game lasted 00:50:25 (15902 turns).

Miyamura the Magician (Naga Enchanter)             Turns: 15902, Time: 00:50:25

Health: -12/101    AC:  7    Str:  8    XL:     10   Next: 61%
Magic:  5/20       EV: 11    Int: 20    God:    Kikubaaqudgha [**....]
Gold:   629        SH:  0    Dex: 11    Spells: 6 memorised, 9 levels left

rFire  . . .     SeeInvis +     h - +2 falchion (vamp)
rCold  + . .     Clarity  .     A - +2 robe {rN+}
rNeg   + . .     SustAt   +     (no shield)
rPois  +         Gourm    .     (helmet restricted)
rElec  .         Spirit   .     (no cloak)
rCorr  .         Warding  .     e - +0 pair of gloves
rMut   .         Stasis   .     (no barding)
MR     +....                    (no amulet)
Stlth  ++++......               b - ring of flight
                                f - ring of sustain attributes

@: lethally poisoned (-12 -> -12), very slightly contaminated, very slow,
somewhat resistant to hostile enchantments, stealthy
A: horns 1, see invisible, cold resistance 1, deformed body, poison resistance,
robust 1, screaming 1, slowness 2, slow metabolism 1, spit poison 2, weak 1, AC
+3
a: Spit Poison, Receive Corpses, Renounce Religion, Evoke Flight


You were on level 10 of the Dungeon.
You worshipped Kikubaaqudgha.
Kikubaaqudgha was pleased with you.
You were hungry.

You visited 2 branches of the dungeon, and saw 11 of its levels.

You collected 629 gold pieces.

Inventory:

Hand Weapons
 h - a +2 vampiric falchion (weapon)
 u - a cursed +2 great sword
 v - a +3 long sword
Armour
 e - a +0 pair of gloves (worn)
 y - a +0 shield
 A - a +2 robe of positive energy (worn)
Jewellery
 b - a ring of flight (right hand)
 f - a ring of sustain attributes (left hand)
 g - an uncursed ring of fire
 t - an uncursed amulet of the gourmand
 D - a cursed amulet of inaccuracy {unknown}
Wands
 a - a wand of fireball (10)
 i - a wand of polymorph (15)
 l - a wand of cold (9)
 n - a wand of invisibility (5)
 B - a wand of disintegration (16)
 C - a wand of magic darts (17)
 E - a wand of enslavement (12)
 K - a wand of digging (7)
Scrolls
 m - 2 scrolls of enchant armour
 q - 7 scrolls of remove curse
 r - 3 scrolls of recharging
 x - a scroll of magic mapping
Potions
 j - a potion of flight
 p - a potion of agility
Books
 c - a book of Maledictions

   Spells                             Type                      Level
   a - Corona                         Hexes                        1
   b - Ensorcelled Hibernation        Hexes/Ice                    2
   c - Confuse                        Hexes                        3
   d - Tukima's Dance                 Hexes                        3
   e - Dazzling Spray                 Conjuration/Hexes            3
 k - a Young Poisoner's Handbook

   Spells                             Type                      Level
   a - Sting                          Conjuration/Poison           1
   b - Cure Poison                    Poison                       2
   c - Mephitic Cloud                 Conjuration/Poison/Air       3
   d - Olgreb's Toxic Radiance        Poison                       4
   e - Venom Bolt                     Conjuration/Poison           5
 w - a book of Annihilations

   Spells                             Type                      Level
   a - Poison Arrow                   Conjuration/Poison           6
   b - Chain Lightning                Conjuration/Air              8
   c - Lehudib's Crystal Spear        Conjuration/Earth            8
   d - Glaciate                       Conjuration/Ice              9
   e - Fire Storm                     Conjuration/Fire             9
 F - Kikubaaqudgha's Handbook of Evil
   (Kikubaaqudgha gifted it to you on level 7 of the Dungeon)

   Spells                             Type                      Level
   a - Animate Skeleton               Necromancy                   1
   b - Corpse Rot                     Necromancy                   2
   c - Sublimation of Blood           Necromancy                   2
   d - Vampiric Draining              Necromancy                   3
   e - Control Undead                 Necromancy                   4
 I - a book of Beasts

   Spells                             Type                      Level
   a - Summon Butterflies             Summoning                    1
   b - Call Canine Familiar           Summoning                    3
   c - Summon Ice Beast               Ice/Summoning                4
   d - Summon Mana Viper              Hexes/Summoning              5
   e - Summon Hydra                   Summoning                    7
Comestibles
 d - 11 bread rations
 s - a meat ration
 z - a chunk of flesh
 G - a beef jerky
 M - 12 fruits
 N - 6 slices of pizza


   Skills:
 * Level 6.5 Fighting
   Level 2.4(4.6) Short Blades
 * Level 6.1(6.3) Long Blades
 - Level 5.0 Dodging
 - Level 6.8 Stealth
 * Level 6.9 Spellcasting
 * Level 3.5 Conjurations
 - Level 5.7 Hexes
 * Level 3.3 Necromancy


You had 9 spell levels left.
You knew the following spells:

 Your Spells              Type           Power        Failure   Level  Hunger
b - Sublimation of Blood  Necr           ###.......   3%          2    None
c - Confuse               Hex            ####....     3%          3    #......
m - Mephitic Cloud        Conj/Pois/Air  ##......     21%         3    #......
o - Corona                Hex            ####...      1%          1    None
s - Sting                 Conj/Pois      ##..         6%          1    None
v - Vampiric Draining     Necr           ###.......   10%         3    #......


Dungeon Overview and Level Annotations

Branches:
Dungeon (10/15)            Temple (1/1) D:7            Lair (0/8) D:9
    Orc (0/4) D:10

Altars:
Ashenzari
Cheibriados
Dithmenos
Elyvilon
Fedhas
Gozag
Kikubaaqudgha
Makhleb
Nemelex Xobeh
Okawaru
Qazlal
Ru
Sif Muna
Trog
Vehumet
Xom
Yredelemnul
Zin
The Shining One

Shops:
D:6 :

Annotations:
D:4 Denapoli's ghost, amateur MiFi
D:10 JokEr's ghost, journeyman MiBe


Innate Abilities, Weirdness & Mutations

You cannot wear boots.
Your serpentine skin is tough (AC +3).
You have supernaturally acute eyesight.
Armour fits poorly on your strangely shaped body.
Your system is resistant to poisons.
You cover ground very slowly.
You have a slow metabolism.
You can spit poison.
You have a pair of small horns on your head.
Your flesh is cold resistant.
You are robust (+10% HP).
You occasionally shout uncontrollably at your foes.
You are weak. (Str -2)


Message History

Confirm with . or Enter, or press ? or * to list all spells.
Aiming: Confuse
Press: ? - help, Shift-Dir - straight line, f/p - JokEr's ghost
Aim: JokEr's ghost, wielding a weapon of venom (chance to defeat MR: 16%) JokEr's ghost resists with almost no effort.
Casting: Confuse
Confirm with . or Enter, or press ? or * to list all spells.
You don't have enough magic to cast that spell.
You feel sick.
You feel sick.
JokEr's ghost screams, "Death is your only future!"
You feel sick.
You feel sick.
You feel sick.
You feel sick.
You feel sick.
You feel sick. JokEr's ghost closely misses you.
You feel sick. JokEr's ghost hits you!!
You die...
Kikubaaqudgha rasps: "You have failed me!
Welcome... death!"

*,,,,,,,,,,,
*,,,*****,,,
*,,,+,,,*,,,
*,,,*,,,*,,,
######**,,,*,,,+,,,
#...>,,,,,,*****,,,
#...,,,,,,,,,,,,,,,
#..#*##,,,,,,,*****
#.@#,.####,,,***,,*
#.W#.....#,,****,,,
#..#.....#,**,,,,,,
#..'.....#,*,,,*,,,
#..#.....#,***,,,,,
#..#.....#,,,***,,,
#..#######.,,,****,
#..........,,,,*,**
#..........,,,,***,


You could see JokEr's ghost.

Vanquished Creatures
  A wyvern (D:9)
  2 yaks (D:8)
  A hungry ghost (D:9)
  A water moccasin (D:7)
  5 sky beasts
  2 ice beasts
  An orc warrior (D:7)
  2 black bears
  2 ogres (D:7)
  4 centaurs
  3 phantoms
  4 giant frogs
  2 wasps
  A gnoll sergeant (D:7)
  2 big kobolds (D:8)
  4 scorpions
  A wyvern skeleton (D:7)
  9 killer bees
  7 wights
  A centaur zombie (D:7)
  2 jellies
  3 crimson imps
  A giant frog zombie (D:5)
  A gnoll shaman (D:7)
  6 iguanas
  4 orc priests
  5 orc wizards
  A giant frog skeleton (D:5)
  2 quasits (D:8)
  3 worker ants (D:7)
  Natasha (thrice) (D:2)
  2 hounds
  2 sheep (D:8)
  13 gnolls
  A river rat (D:9)
  A worker ant zombie (D:6)
  12 adders
  2 shadow imps
  An ooze (D:2)
  4 adder skeletons
  5 adder zombies
  3 worms
  A giant gecko (D:8)
  25 orcs
  8 giant cockroaches
  6 hobgoblins
  7 jackals
  12 kobolds
  7 quokkas
  A ball python (D:1)
  6 bats
  A giant cockroach zombie (D:2)
  A giant gecko skeleton (D:4)
  A giant gecko zombie (D:2)
  5 giant newts
  11 goblins
  2 quokka skeletons
  A quokka zombie (D:7)
  16 rats
  2 fungi (D:9)
245 creatures vanquished.

Vanquished Creatures (collateral kills)
  A fungus (D:9)
1 creature vanquished.

Vanquished Creatures (others)
  6 fungi (D:9)
6 creatures vanquished.

Grand Total: 252 creatures vanquished

Notes
Turn   | Place    | Note
--------------------------------------------------------------
     0 | D:1      | Miyamura the Naga Enchanter began the quest for the Orb.
     0 | D:1      | Reached XP level 1. HP: 15/15 MP: 3/3
   568 | D:1      | Reached XP level 2. HP: 12/24 MP: 5/5
   717 | D:1      | Learned a level 2 spell: Ensorcelled Hibernation
   926 | D:1      | Reached XP level 3. HP: 23/30 MP: 1/6
  1120 | D:1      | Learned a level 3 spell: Confuse
  1481 | D:2      | Reached skill level 1 in Fighting
  1846 | D:2      | Found a shattered altar of Ashenzari.
  1905 | D:2      | Reached skill level 5 in Stealth
  1905 | D:2      | Reached XP level 4. HP: 33/38 MP: 4/7
  2229 | D:2      | Noticed Natasha
  2234 | D:2      | Killed Natasha
  2430 | D:2      | Reached XP level 5. HP: 38/44 MP: 2/8
  2613 | D:2      | Noticed Natasha
  2767 | D:2      | Killed Natasha
  3292 | D:2      | Noticed Natasha
  3300 | D:2      | Killed Natasha
  3741 | D:3      | Noticed a sky beast
  3760 | D:3      | Gained mutation: You are weak. (Str -2) [potion of mutation]
  3760 | D:3      | Gained mutation: Your flesh is cold resistant. [potion of mutation]
  3772 | D:3      | Killed a sky beast
  3772 | D:3      | Reached XP level 6. HP: 13/52 MP: 2/10
  4600 | D:3      | Reached skill level 6 in Stealth
  5070 | D:4      | Noticed Denapoli's ghost (amateur MiFi)
  5746 | D:3      | Gained mutation: You have a pair of small horns on your head. [potion of beneficial mutation]
  6014 | D:3      | Reached XP level 7. HP: 59/61 MP: 8/11
  6530 | D:4      | Found an ancient bone altar of Kikubaaqudgha.
  6531 | D:4      | Found an opulent altar of Gozag.
  6531 | D:4      | Found a sacrificial altar of Ru.
  6531 | D:4      | Found an iron altar of Okawaru.
  6548 | D:4      | Found a snail-covered altar of Cheibriados.
  6548 | D:4      | Found a white marble altar of Elyvilon.
  6571 | D:4      | Became a worshipper of Kikubaaqudgha
  6636 | D:5      | Entered Level 5 of the Dungeon
  6807 | D:5      | Reached skill level 1 in Long Blades
  7194 | D:5      | Learned a level 3 spell: Mephitic Cloud
  7196 | D:5      | Learned a level 1 spell: Sting
  8228 | D:6      | Reached XP level 8. HP: 53/69 MP: 13/13
  8523 | D:6      | Reached skill level 5 in Hexes
  8655 | D:6      | Found Suibrid's Book Shoppe.
  8961 | D:5      | Gained mutation: You have a pair of horns on your head. [mutagenic meat]
  8962 | D:5      | Lost mutation: You have a pair of horns on your head. [mutagenic meat]
  8963 | D:5      | Gained mutation: You are robust (+10% HP). [mutagenic meat]
  8964 | D:5      | Gained mutation: You occasionally shout uncontrollably at your foes. [mutagenic meat]
  9922 | D:6      | Reached XP level 9. HP: 77/86 MP: 16/16
 10172 | D:6      | Reached skill level 5 in Spellcasting
 10795 | D:7      | Reached skill level 5 in Fighting
 11440 | D:7      | Found a staircase to the Ecumenical Temple.
 11450 | Temple   | Entered the Ecumenical Temple
 12080 | D:7      | Reached skill level 5 in Dodging
 12087 | D:7      | Reached * piety under Kikubaaqudgha
 12087 | D:7      | Received a gift from Kikubaaqudgha
 12090 | D:7      | Identified Kikubaaqudgha's Handbook of Evil (Kikubaaqudgha gifted it to you on level 7 of the Dungeon)
 12144 | D:7      | Learned a level 2 spell: Sublimation of Blood
 12148 | D:7      | Learned a level 3 spell: Vampiric Draining
 12390 | D:7      | Reached skill level 1 in Conjurations
 12562 | D:8      | Found a bloodstained altar of Trog.
 12619 | D:8      | Found a burning altar of Makhleb.
 12624 | D:8      | Found a glowing silver altar of Zin.
 12625 | D:8      | Noticed an Executioner
 12625 | D:8      | Noticed an angel
 12788 | D:8      | Reached skill level 1 in Necromancy
 12816 | D:8      | Reached skill level 5 in Long Blades
 12913 | D:8      | Reached XP level 10. HP: 44/100 MP: 14/19
 12967 | D:8      | Noticed a three-headed hydra
 13503 | D:9      | Found a staircase to the Lair.
 13982 | D:8      | HP: 5/100 [poisoned by a killer bee]
 13987 | D:8      | HP: 3/100 [poisoned by a killer bee]
 13992 | D:8      | HP: 3/100 [poisoned by a killer bee]
 13999 | D:8      | HP: 3/100 [poisoned by a killer bee]
 14007 | D:8      | HP: 3/100 [poisoned by a killer bee]
 14846 | D:9      | Reached ** piety under Kikubaaqudgha
 15596 | D:9      | Found a deep blue altar of Sif Muna.
 15684 | D:10     | Entered Level 10 of the Dungeon
 15684 | D:10     | Found a sparkling altar of Nemelex Xobeh.
 15869 | D:10     | Noticed JokEr's ghost (journeyman MiBe)
 15902 | D:10     | Mangled by JokEr's ghost

Action                   |  1- 3 |  4- 6 |  7- 9 | 10-12 || total
-------------------------+-------+-------+-------+-------++-------
Melee: Dagger            |    90 |   221 |     1 |       ||   312
       Falchion          |       |       |   549 |   288 ||   837
 Cast: Corona            |     1 |       |       |       ||     1
       Ensorcelled Hiber |     6 |    31 |     2 |       ||    39
       Confuse           |     4 |    16 |    72 |    57 ||   149
       Mephitic Cloud    |       |       |     1 |       ||     1
       Vampiric Draining |       |       |       |     3 ||     3
 Abil: Spit Poison       |    19 |    14 |     7 |     2 ||    42
  Use: Scroll            |     3 |     9 |     4 |     7 ||    23
       Potion            |       |     8 |       |     4 ||    12
 Stab: Sleeping          |    12 |    35 |    19 |       ||    66
       Confused          |     1 |     5 |    35 |    25 ||    66
       Distracted        |       |     1 |       |     1 ||     2
  Eat: Chunk             |     3 |    13 |    25 |     2 ||    43
       Royal jelly       |       |     1 |       |       ||     1
       Beef jerky        |       |       |     2 |     1 ||     3
       Meat ration       |       |       |     1 |     1 ||     2
       Pizza             |       |       |     1 |       ||     1
